 Dungeon Crawl Stone Soup version 0.27-a0-419-g7a85846853 (webtiles) character file.

Game seed: 6737784427471482838

15 Chiseanne the Sneak (level 2, 19/21 HPs)
             Began as a Demonspawn Wanderer on Feb 26, 2021.
             Quit the game on level 1 of the Dungeon.
             The game lasted 00:01:06 (801 turns).

Chiseanne the Sneak (Demonspawn Wanderer)            Turns: 801, Time: 00:01:07

Health: 19/21      AC:  6    Str: 12    XL:     2   Next: 34%
Magic:  2/2        EV:  7    Int: 12    God:
Gold:   33         SH:  7    Dex: 13    Spells: 1/1 levels left

rFire    . . .     SeeInvis .   a - +2 dagger
rCold    . . .     Faith    .   k - +0 kite shield
rNeg     . . .     Spirit   .   j - +0 ring mail
rPois    .         Reflect  .   (no helmet)
rElec    .         Harm     .   (no cloak)
rCorr    .         Rampage  .   m - +0 pair of gloves
Will     .....                  (no boots)
Stlth    +.........             (no amulet)
HPRegen  0.07/turn              (no ring)
MPRegen  0.16/turn              (no ring)

@: no status effects
A: magic regeneration
a: no special abilities


You were on level 1 of the Dungeon.
You visited 1 branch of the dungeon, and saw 1 of its levels.

You collected 33 gold pieces.

Inventory:

Hand Weapons
 a - a +2 dagger (weapon)
 c - a +0 falchion
Missiles
 f - 73 stones (quivered)
 h - 26 bolts
Armour
 j - a +0 ring mail (worn)
 k - a +0 kite shield (worn)
 m - a +0 pair of gloves (worn)
Scrolls
 b - a scroll of blinking
 i - 3 scrolls of identify {unknown}
 l - a scroll of teleportation {unknown}
Potions
 d - a potion of lignification
 e - a potion of brilliance {unknown}
 g - a potion of berserk rage {unknown}


   Skills:
 * Level 1.5 Fighting
 - Level 1.7 Long Blades
 - Level 1.7 Maces & Flails
 * Level 1.2 Armour
 * Level 0.8 Dodging
 - Level 2.6 Stealth
 * Level 0.5 Shields
 - Level 1.0 Evocations


You had one spell level left.
You didn't know any spells.
Your spell library was empty.

Dungeon Overview and Level Annotations

Branches:
Dungeon (1/15)

Altars:


Innate Abilities, Weirdness & Mutations

You regenerate magic rapidly.


Message History

No target in view!
No target in view!
No target in view!
Found a pair of gloves.
You see here a +0 pair of gloves.
m - a +0 pair of gloves You start putting on your armour.
You continue putting on your +0 pair of gloves. x4
You finish putting on your +0 pair of gloves.
You open the door.
There is an open door here.
A goblin comes into view.
You miss the goblin. The goblin hits you but does no damage.
You closely miss the goblin. The goblin barely misses you.
The goblin hits you but does no damage.
You hit the goblin.
The goblin is moderately wounded.
The goblin hits you.
You hit the goblin.
The goblin is heavily wounded.
The goblin hits you but does no damage.
You hit the goblin.
You kill the goblin!
No target in view!
No target in view!
No target in view!
No target in view!
No target in view!
No target in view!
No target in view!
No target in view!
No target in view!
No target in view!
No target in view!
No target in view!
No target in view!
No target in view!
No target in view!
No target in view!
Are you sure you want to abandon this character and quit the game? (Confirm with "yes".)

##..............#
..^........####.#
.....
##....####.##...#
.....
###........##...#
......
.###.#.######...#
...... #....#.#
###.##....
#...#..# #.....#
#.###.## #...>.#
..# #..# #.@†..#
### #).## #.#####
#...# #.# ##.#.##
#.# #.....# #.#
####...#.## #.#
.......#..#
##'#######
####...##.##
#........#
#...##..#
#........#


There were no monsters in sight!

Vanquished Creatures
  A dart slug (D:1)
  2 bats (D:1)
  A giant cockroach (D:1)
  2 goblins (D:1)
  2 hobgoblins (D:1)
  A frilled lizard (D:1)
  2 kobolds (D:1)
  A rat (D:1)
12 creatures vanquished.

Notes
Turn   | Place    | Note
-------+----------+-------------------------------------------
     0 | D:1      | Chiseanne the Demonspawn Wanderer began the quest for the
                  | Orb.
     0 | D:1      | Chiseanne set off with the following items: a +2 dagger, a
                  | scroll of blinking, a +0 falchion, a potion of
                  | lignification, a +0 robe
     0 | D:1      | Reached XP level 1. HP: 15/15 MP: 1/1
   535 | D:1      | Gained mutation: You regenerate magic rapidly. [demonic
                  | ancestry]
   535 | D:1      | Reached XP level 2. HP: 15/21 MP: 2/2
   801 | D:1      | Quit the game

Illustrated notes

Levels and vault maps discovered:
D:1:      roderic_crossed_star, layout_basic

Action                   || total
-------------------------++-------
Melee: Dagger            ||    39
Armor: Ring mail         ||    13
       Robe              ||     2
Dodge: Dodged            ||    14
Block: Kite shield       ||    23

Table legend: (Time is in decaauts)
 A = Elapsed time spent in this place.
 B = Non-inter-level travel time spent in this place.
 C = Inter-level travel time spent in this place.
 D = Time resting spent in this place.
 E = Time spent auto-exploring this place.
 F = Levels seen in this place.
 G = Mean time per level.
                   A        B        C        D        E       F      G
               +--------+--------+--------+--------+--------+-----+--------+
         Total |    808 |    808 |      0 |    210 |    478 |   1 |  808.0 |
       Dungeon |    808 |    808 |      0 |    210 |    478 |   1 |  808.0 |
               +--------+--------+--------+--------+--------+-----+--------+

Top non-repeatable levels by time:
     D:1: 808 daAuts
